 Dungeon Crawl Stone Soup version 0.24.1-8-ga250c9d538 (webtiles) character file.

Game seed: 11065531366464710078, levelgen mode: deterministic

5433 schauveau the Cleaver (level 10, -9/93 HPs)
             Began as a Minotaur Fighter on Apr 29, 2020.
             Was an Elder of Okawaru.
             Killed by divine providence
             ... invoked by an orc priest
              (13 damage)
             ... on level 9 of the Dungeon.
             The game lasted 00:17:46 (9501 turns).

schauveau the Cleaver (Minotaur Fighter)            Turns: 9501, Time: 00:17:47

Health: -9/93      AC: 15    Str: 24    XL:     10   Next: 41%
Magic:  9/9        EV:  7    Int:  5    God:    Okawaru [****..]
Gold:   356        SH:  0    Dex: 10    Spells: 9/9 levels left

rFire    . . .     SeeInvis +   a - +0 battleaxe
rCold    . . .     Gourm    .   (shield currently unavailable)
rNeg     . . .     Faith    .   E - +1 plate armour
rPois    .         Spirit   .   (helmet restricted)
rElec    .         Reflect  .   (no cloak)
rCorr    .         Harm     .   (no gloves)
MR       .....                  (no boots)
Stlth    ..........             v - amulet of the acrobat
HPRegen  0.25/turn              y - ring of see invisible
MPRegen  0.11/turn              (no ring)

@: no status effects
A: retaliatory headbutt, horns 2
a: Heroism, Renounce Religion


You were on level 9 of the Dungeon.
You worshipped Okawaru.
Okawaru was greatly pleased with you.
You were not hungry.

You visited 1 branch of the dungeon, and saw 9 of its levels.

You collected 525 gold pieces.
You spent 169 gold pieces at shops.

Inventory:

Hand Weapons
 a - a +0 battleaxe (weapon)
 e - a +0 flail
 k - a +1 war axe of chopping
 u - a +0 hand axe of freezing
 B - the cursed +0 dagger of the Gloaming {flame, +Blink, unknown}
   (You found it on level 6 of the Dungeon)

   It has been specially enchanted to burn those struck by it, causing extra
   injury to most foes and up to half again as much damage against particularly
   susceptible opponents.
   It lets you blink.
   It has a curse placed upon it.
 C - a +2 trident of protection
 J - a +1 morningstar of crushing
Missiles
 b - 8 atropa-tipped darts (quivered)
 H - 7 javelins
Armour
 q - a +0 chain mail
 E - a +1 plate armour (worn)
Jewellery
 v - an amulet of the acrobat (around neck)
 y - a ring of see invisible (left hand)
Wands
 p - a wand of flame (21)
 t - a wand of acid (12)
 x - a wand of paralysis (13)
Scrolls
 l - 3 scrolls of teleportation
 n - 6 scrolls of remove curse
 o - 3 scrolls of fear
 r - a scroll of immolation {unknown}
 s - a scroll of enchant weapon
 w - a scroll of fog {unknown}
 D - 2 scrolls of amnesia {unknown}
 F - a scroll of magic mapping {unknown}
Potions
 c - 4 potions of curing
 d - 2 potions of might
 g - 3 potions of heal wounds {unknown}
 h - a potion of haste
 i - 2 potions of mutation
 j - a potion of invisibility {unknown}
 m - 2 potions of resistance
 z - 3 potions of brilliance {unknown}
 A - a potion of magic {unknown}
 G - a potion of flight {unknown}
 I - 2 potions of degeneration {unknown}
 K - a potion of ambrosia {unknown}
Comestibles
 f - 11 rations
 L - 16 chunks of flesh


   Skills:
 + Level 10.0 Fighting
 * Level 12.9 Axes
 + Level 10.0 Armour
   Level 3.7 Shields


You had 9 spell levels left.
You didn't know any spells.
Your spell library contained the following spells:

 Spells                   Type           Power        Failure   Level  Hunger
 Animate Skeleton         Necr           N/A          99%         1    ##.....
 Pain                     Necr           #...         99%         1    ##.....
 Regeneration             Chrm/Necr      #.........   100%        3    ####...
 Vampiric Draining        Necr           #.........   100%        3    ####...
 Animate Dead             Necr           N/A          100%        4    #####..


Dungeon Overview and Level Annotations

Branches:
Dungeon (9/15)             Temple (0/1) D:5            Lair (0/6) D:8
    Orc: D:9-12

Altars:
Elyvilon
Fedhas
Gozag
Hepliaklqana
Makhleb
Okawaru
Qazlal
Sif Muna
Vehumet
Zin
The Shining One

Shops:
D:8 (

Annotations:
D:7 exclusion: statue


Innate Abilities, Weirdness & Mutations

You reflexively headbutt those who attack you in melee.
You have a pair of horns on your head.


Message History

The orc warrior hits you with a +0 scimitar!
The centaur hits you but does no damage.
The orc priest mumbles some strange prayers to Beogh against you.
Beogh smites you!
* * * LOW HITPOINT WARNING * * *
You hit the orc warrior. You headbutt the orc warrior.
The orc warrior is moderately wounded.
You closely miss the centaur. The centaur barely misses you.
The orc warrior hits you with a +0 scimitar!
* * * LOW HITPOINT WARNING * * *
The centaur hits you but does no damage.
You barely miss the orc warrior.
The orc warrior is moderately wounded.
You hit the orc priest but do no damage.
You barely miss the centaur. The centaur hits you.
* * * LOW HITPOINT WARNING * * *
The orc warrior hits you but does no damage.
The orc priest calls down the wrath of Beogh upon you.
Beogh smites you!
You die...

..# #.....### ########'#
.## #.....# #.# .
##.#### #.# #. #...#
##.# ##+######
#####'##### #..#
.....[..# #.........#
####'## ........#
#.........# #.....#
)......#################
#######
.......#.......(@o......
.......#....(%(†oc.....(
.......#.........##.....
...............)........
.......#..#.............
.......#..#.............
########................
################


You could see an orc warrior, a centaur and an orc priest.

Vanquished Creatures
  Pikel (D:8)
  A hippogriff (D:7)
  5 yaks (D:9)
  2 wargs (D:8)
  A water moccasin (D:8)
  5 orc warriors
  A slave (D:8)
  A phantom (D:6)
  An ice beast (D:8)
  5 ogres
  3 centaurs
  A big kobold (D:9)
  A gnoll sergeant (D:7)
  5 bullfrogs
  3 scorpions
  4 killer bees (D:7)
  A crimson imp (D:6)
  A bullfrog zombie (D:7)
  3 centaur zombies
  A centaur skeleton (D:8)
  2 jellies
  13 orc priests
  4 hounds
  5 worker ants
  2 iguanas (D:7)
  11 orc wizards
  A killer bee zombie (D:8)
  A hound zombie (D:8)
  A worker ant zombie (D:5)
  15 gnolls
  A howler monkey skeleton (D:7)
  6 adders
  3 shadow imps
  An adder skeleton (D:6)
  2 worms
  A dart slug (D:2)
  7 leopard geckos
  34 orcs
  2 giant cockroaches
  9 goblins
  11 hobgoblins
  15 jackals
  4 quokkas
  A ball python (D:4)
  8 bats
  8 frilled lizards
  2 jackal skeletons (D:4)
  15 kobolds
  9 rats
240 creatures vanquished.

Vanquished Creatures (others)
  A slave (D:8)
  A worker ant (D:8)
  5 orcs (D:8)
7 creatures vanquished.

Grand Total: 247 creatures vanquished

Notes
Turn   | Place    | Note
-------+----------+-------------------------------------------
     0 | D:1      | schauveau the Minotaur Fighter began the quest for the Orb.
     0 | D:1      | Reached XP level 1. HP: 19/19 MP: 0/0
   113 | D:1      | Reached XP level 2. HP: 7/27 MP: 1/1
   386 | D:3      | Reached skill level 3 in Axes
   845 | D:4      | Reached XP level 3. HP: 28/33 MP: 2/2
   872 | D:4      | Reached skill level 4 in Axes
   872 | D:4      | Reached XP level 4. HP: 35/40 MP: 3/3
  1287 | D:4      | Reached XP level 5. HP: 38/47 MP: 4/4
  1473 | D:4      | Found an iron altar of Okawaru.
  1475 | D:4      | Found a burning altar of Makhleb.
  1476 | D:4      | Found a shimmering blue altar of Sif Muna.
  1491 | D:4      | Became a worshipper of Warmaster Okawaru
  1570 | D:2      | Reached skill level 5 in Axes
  2363 | D:2      | Reached skill level 5 in Armour
  2583 | D:2      | Found a faded altar of an unknown god.
  2617 | D:2      | Found a stormy altar of Qazlal.
  2640 | D:2      | Reached skill level 5 in Fighting
  2941 | D:2      | Found a hazy altar of Hepliaklqana.
  3470 | D:3      | Reached XP level 6. HP: 56/56 MP: 5/5
  3554 | D:3      | Found a blossoming altar of Fedhas.
  3622 | D:3      | Found a white marble altar of Elyvilon.
  4076 | D:5      | Entered Level 5 of the Dungeon
  4250 | D:5      | Reached skill level 6 in Axes
  4362 | D:5      | Found a staircase to the Ecumenical Temple.
  4756 | D:6      | Reached XP level 7. HP: 60/61 MP: 6/6
  4764 | D:6      | Reached skill level 7 in Axes
  4769 | D:6      | Reached * piety under Okawaru
  5194 | D:6      | Got an ichor-stained dagger
  5220 | D:6      | Reached skill level 8 in Axes
  5275 | D:6      | Found a glowing golden altar of the Shining One.
  5401 | D:7      | Reached XP level 8. HP: 50/71 MP: 7/7
  5697 | D:7      | Noticed a hippogriff
  5707 | D:7      | Killed a hippogriff
  5707 | D:7      | Reached ** piety under Okawaru
  5707 | D:7      | Reached skill level 9 in Axes
  6388 | D:7      | Found a radiant altar of Vehumet.
  6485 | D:7      | Reached skill level 10 in Axes
  6570 | D:7      | Reached XP level 9. HP: 40/81 MP: 8/8
  7547 | D:7      | HP: 3/81 [poisoned by a killer bee]
  7972 | D:6      | Reached *** piety under Okawaru
  8405 | D:8      | Noticed Pikel
  8409 | D:8      | Reached skill level 11 in Axes
  8519 | D:8      | Killed Pikel
  8566 | D:8      | Found Bownuole's Weapon Emporium.
  8597 | D:8      | Bought a +1 morningstar of crushing for 169 gold pieces
  8812 | D:8      | Reached skill level 12 in Axes
  8817 | D:8      | Reached **** piety under Okawaru
  8817 | D:8      | Reached XP level 10. HP: 67/91 MP: 9/9
  8823 | D:8      | Found a staircase to the Lair.
  8884 | D:8      | Found a glowing silver altar of Zin.
  8996 | D:8      | Found an opulent altar of Gozag.
  9455 | D:9      | Reached skill level 10 in Armour
  9497 | D:9      | Reached skill level 10 in Fighting
  9501 | D:9      | HP: 4/93 [centaur (3)]
  9501 | D:9      | Killed from afar by an orc priest

Levels and vault maps discovered:
D:1:      lightli_arrival_lavapool, layout_loops_cross, minmay_box_of_dots
D:2:      layout_loops_corners, overflow_temple_1_default, lemuel_crystal_altar,
          chequers_ecumenical_altar_island, minmay_misc_feat_more_columns
D:3:      layout_loops_ring, fedhas_altar_1, lemuel_doored_altar
D:4:      layout_gridville, grunt_temple_overflow_open, first_ration,
          dk_rats_in_the_wall
D:5:      layout_loops_ring, minmay_temple_entry_large_hall,
          kennysheep_cluttered_room
D:6:      layout_rooms, nicolae_tso_swordbearing_angel
D:7:      layout_basic, vehumet_statue, hangedman_abyss_or_decor_passed
D:8:      layout_loops_ring, nicolae_overflow_hidden_temple,
          erik_lair_orcish_takeover, serial_shops, nicolae_shop_statue_plus,
          basic_altar, uniq_pikel
D:9:      layout_roguey, marbit_many_paths, erik_orc_1

Skill      XL: |  1  2  3  4  5  6  7  8  9 10 |
---------------+-------------------------------+-----
Axes           | 3 4 5 6 8 10 12 | 12.9
Armour         | 4 5 6 7 9 10 | 10.0
Fighting       | 4 5 6 7 9 10 | 10.0
Shields        | |  3.7

Action                   |  1- 3 |  4- 6 |  7- 9 | 10-12 || total
-------------------------+-------+-------+-------+-------++-------
Melee: War axe           |    57 |   176 |    88 |       ||   321
       Headbutt          |     7 |    20 |    55 |    20 ||   102
       Broad axe         |       |       |    62 |       ||    62
       Battleaxe         |       |       |   100 |   107 ||   207
  Use: Scroll            |     3 |     3 |     2 |     1 ||     9
       Potion            |       |       |     2 |       ||     2
  Eat: Chunk             |       |     9 |     9 |     3 ||    21
       Ration            |       |     1 |     1 |       ||     2
Armor: Scale mail        |    37 |    35 |       |       ||    72
       Chain mail        |       |    59 |    71 |       ||   130
       Plate armour      |       |       |    64 |    64 ||   128
Dodge: Dodged            |    34 |    79 |   118 |    47 ||   278
Block: Shield            |     3 |       |       |       ||     3
       Buckler           |       |       |    13 |       ||    13
